Map: Ruins of Endion

Players

Miszu

  • Race: Protoss Protoss
  • League: Master

ANewWind - Winner!

  • Race: Zerg Zerg
  • League: Master

VOD

Have the link to the VOD?

Description

Time

  • Played on: June 27, 2016, 11:06 a.m.
  • Length: 4:27
Show
View Real Time Build Order
Export as new Build Order

Miszu Protoss 

Build Orders: 1 Gate Expand 

Get SALT Encoding   

  12  0:01  Probe (Chrono Boost)  
  13  0:11  Probe (Chrono Boost)  
  14  0:17  Pylon  
  14  0:22  Probe (Chrono Boost)  
  16  0:35  Probe (Chrono Boost)  
  16  0:38  Gateway  
  16  0:46  Probe (Chrono Boost)  
  16  0:48  Assimilator  
  17  0:57  Probe (Chrono Boost)  
  19  1:17  Nexus  
  18  1:26  Cybernetics Core  
  18  1:30  Probe (Chrono Boost)  
  19  1:40  Probe (Chrono Boost)  
  19  1:41  Pylon  
  20  1:49  Assimilator  
  20  1:51  Probe (Chrono Boost)  
  21  2:01  Probe (Chrono Boost)  
  22  2:03  Adept (Chrono Boost)  
  22  2:07  Warp Gate  
  24  2:13  Probe  
  25  2:26  Mothership Core  
  25  2:28  Probe  
  27  2:33  Adept (Chrono Boost)  
  30  2:39  Probe  
  31  2:47  Probe  
  31  2:49  Probe  
  33  2:59  Probe  
  33  3:00  Probe  
  35  3:10  Probe  
  35  3:11  Probe  
  35  3:12  Nexus  
  37  3:21  Probe  
  37  3:23  Probe  
  39  3:27  Stargate  
  39  3:29  Stargate  
  39  3:31  Probe  
  40  3:36  Assimilator  
  40  3:37  Assimilator  
  40  3:42  Probe x2  
  42  3:51  Pylon  
  42  3:54  Probe x2 (Chrono Boost)  
  44  4:01  Gateway  
  44  4:05  Probe (Chrono Boost)  
  44  4:06  Gateway  
  44  4:08  Probe (Chrono Boost)  
Show
View Real Time Build Order
Export as new Build Order

ANewWind Zerg - Winner!

Build Orders: Hatch First 

Get SALT Encoding   

  12  0:01  Drone  
  13  0:12  Overlord  
  13  0:18  Drone  
  14  0:31  Drone x2  
  14  0:34  Drone  
  17  0:53  Hatchery  
  17  0:55  Drone  
  17  0:58  Drone  
  18  1:10  Extractor  
  17  1:14  Spawning Pool  
  17  1:17  Drone  
  17  1:19  Drone  
  18  1:28  Drone  
  19  1:39  Overlord  
  19  2:07  Queen, Drone x3  
  19  2:08  Queen  
  26  2:12  Metabolic Boost  
  26  2:19  Drone x2  
  28  2:24  Drone  
  28  2:26  Drone  
  30  2:32  Drone  
  31  2:38  Zergling x2  
  31  2:42  Hatchery  
  31  2:44  Zergling x2  
  32  2:52  Overlord  
  32  3:05  Baneling Nest  
  31  3:18  Zergling x10  
  36  3:23  Queen  
  36  3:26  Overlord x2  
  38  3:27  Zergling x2  
  38  3:28  Zergling x6  
  42  3:42  Zergling x4  
  44  3:51  Zergling x4  
  46  3:57  Zergling x14  
  46  4:00  Spore Crawler  
  52  4:05  Zergling x2  
  52  4:06  Zergling x2  
  52  4:08  Zergling x2  
Tags
 
Add a new tag
Caveats
  • Supply blocks, unpowered buildings, or Contaminate may cause inaccurate times.
  • Supply counts are checked every 10 seconds.